 Dungeon Crawl Stone Soup version 0.27.0-1-g7a089689b8 (webtiles) character file.

Game seed: 10765233147767055317

280 HungrySpirit the Ducker (level 6, -5/46 HPs)
             Began as a Human Arcane Marksman on July 31, 2021.
             Was a Follower of the Shining One.
             Slain by an iguana (7 damage)
             ... on level 4 of the Dungeon.
             The game lasted 00:04:19 (4512 turns).

HungrySpirit the Ducker (Human Arcane Marksman)     Turns: 4512, Time: 00:04:20

Health: -5/46      AC:  7    Str: 12    XL:     6   Next: 52%
Magic:  7/7        EV: 11    Int: 13    God:    the Shining One [*.....]
Gold:   141        SH:  0    Dex: 14    Spells: 6/7 levels left

rFire    . . .     SeeInvis .   g - +0 short sword
rCold    + . .     Faith    .   (no shield)
rNeg     . . .     Spirit   .   q - +2 ring mail {rC+}
rPois    .         Reflect  .   (no helmet)
rElec    .         Harm     .   (no cloak)
rCorr    +         Rampage  .   (no gloves)
Will     .....                  (no boots)
Stlth    +.........             (no amulet)
HPRegen  0.15/turn              r - ring of resist corrosion
MPRegen  0.10/turn              (no ring)

@: glowing
A: no striking features
a: Renounce Religion


You were on level 4 of the Dungeon.
You worshipped the Shining One.
The Shining One was aware of your devotion.
You visited 1 branch of the dungeon, and saw 4 of its levels.

You collected 141 gold pieces.

Inventory:

Hand Weapons
 a - a +0 shortbow
 e - a +0 dagger
 g - a +0 short sword (weapon)
 m - a +0 rapier
Missiles
 c - 43 arrows
 i - 19 poisoned darts (quivered)
 j - a throwing net
Armour
 q - a +2 ring mail of cold resistance (worn)
Jewellery
 r - a ring of resist corrosion (left hand)
 s - an amulet of faith
Scrolls
 b - a scroll of enchant weapon {unknown}
 d - 2 scrolls of teleportation {unknown}
 f - 2 scrolls of fog {unknown}
 k - 2 scrolls of blinking {unknown}
 l - 2 scrolls of amnesia {unknown}
 n - a scroll of identify {unknown}
Potions
 h - a potion of curing
 o - 2 potions of heal wounds {unknown}
 p - a potion of haste {unknown}


   Skills:
 + Level 2.8 Fighting
 * Level 3.1 Short Blades
 - Level 2.0 Bows
 + Level 2.6 Armour
 + Level 3.4 Dodging
 - Level 1.0 Spellcasting
 - Level 3.0 Hexes


You had 6 spell levels left.
You knew the following spells:

 Your Spells              Type           Power      Damage    Failure   Level
a - Corona                Hex            8%         N/A       19%         1

Your spell library contained the following spells:

 Spells                   Type           Power      Damage    Failure   Level
 Slow                     Hex            8%         N/A       26%         2
 Ensorcelled Hibernation  Hex/Ice        8%         N/A       45%         2
 Inner Flame              Hex/Fire       4%         N/A       69%         3
 Portal Projectile        Hex/Tloc       8%         N/A       69%         3
 Cause Fear               Hex            4%         N/A       87%         4
 Spider Form              Tmut/Pois      0%         N/A       88%         3
 Shadow Creatures         Summ           N/A        N/A       100%        6


Dungeon Overview and Level Annotations

Branches:
Dungeon (4/15)
 Temple: D:4-7

Altars:
Qazlal
Yredelemnul
The Shining One


Message History

The iguana is heavily wounded.
The iguana barely misses you.
You hit the iguana.
The iguana is severely wounded.
The iguana barely misses you.
You hit the iguana but do no damage.
The iguana is severely wounded.
The iguana bites you.
You hit the iguana but do no damage.
The iguana is severely wounded.
The iguana completely misses you.
You hit the iguana but do no damage.
The iguana is severely wounded.
The iguana bites you.
You are too injured to fight recklessly!
You are too injured to fight recklessly!
You are too injured to fight recklessly!
You are too injured to fight recklessly!
You are too injured to fight recklessly!
You hit the iguana but do no damage.
The iguana is severely wounded.
The iguana bites you!
You hit the iguana but do no damage.
The iguana is severely wounded.
The iguana closely misses you.
You hit the iguana.
The iguana is almost dead.
The iguana bites you.
* * * LOW HITPOINT WARNING * * *
You hit the iguana.
The iguana is almost dead.
The iguana closely misses you.
You hit the iguana but do no damage.
The iguana is almost dead.
The iguana bites you!
* * * LOW HITPOINT WARNING * * *
You barely miss the iguana.
The iguana is almost dead.
The iguana bites you!
You die...

#### .....
......#####
......l@..#
......###.##
..... #..#
.../ ##.##
... #..# ..
##.# # #.##
#..# ##.##


You could see an iguana.

Vanquished Creatures
  A necrophage (D:3)
  An orc priest (D:4)
  Terence (D:2)
  2 orc wizards
  3 adders (D:3)
  2 dart slugs (D:2)
  3 orcs
  6 ball pythons
  4 endoplasms
  4 giant cockroaches
  4 goblins
  4 hobgoblins
  7 kobolds
  2 quokkas (D:2)
  5 bats
  3 frilled lizards (D:3)
  4 rats
56 creatures vanquished.

Notes
Turn   | Place    | Note
-------+----------+-------------------------------------------
     0 | D:1      | HungrySpirit the Human Arcane Marksman began the quest for
                  | the Orb.
     0 | D:1      | Reached XP level 1. HP: 15/15 MP: 2/2
   545 | D:1      | Reached XP level 2. HP: 21/21 MP: 3/3
   849 | D:1      | Reached skill level 1 in Armour
  1131 | D:2      | Found a basalt altar of Yredelemnul.
  1210 | D:2      | Reached XP level 3. HP: 26/26 MP: 4/4
  1285 | D:2      | Found a faded altar of an unknown god.
  1299 | D:2      | Noticed Terence
  1333 | D:2      | Killed Terence
  1334 | D:2      | Reached skill level 1 in Short Blades
  1334 | D:2      | Reached XP level 4. HP: 3/33 MP: 5/5
  1630 | D:2      | Became a worshipper of the Shining One
  1630 | D:2      | Reached * piety under the Shining One
  3099 | D:3      | Noticed a necrophage
  3137 | D:3      | Killed a necrophage
  3138 | D:3      | Reached XP level 5. HP: 15/39 MP: 6/6
  3667 | D:3      | Reached XP level 6. HP: 42/46 MP: 7/7
  3793 | D:4      | Found a stormy altar of Qazlal.
  3908 | D:4      | HP: 2/46 [orc (4)]
  4511 | D:4      | HP: 1/46 [iguana (9)]
  4512 | D:4      | Slain by an iguana

Illustrated notes

Levels and vault maps discovered:
D:1:      dpeg_arrival_another_circle, layout_loops_corners,
          chequers_mini_garden
D:2:      layout_basic, hellmonk_ecumenical_altar_heavens_door, basic_altar,
          dk_vineyard_2, uniq_terence
D:3:      layout_loops_corners, kennysheep_donut, fountainhead,
          kennysheep_generic_room_13
D:4:      cheibrodos_greedy_goblins, layout_basic,
          nzn_overflow_gifts_of_might_and_magic,
          nicolae_qazlal_scattered_showers, mainiacjoe_overflow_paths,
          minmay_circle_x, uniq_duvessa

Skill      XL: |  1  2  3  4  5  6 |
---------------+-------------------+-----
Armour         | 1 2 |  2.6
Short Blades   | 1 2 3 |  3.1
Fighting       | 2 |  2.8
Dodging        | 3 |  3.4
Bows           | |  2.0
Spellcasting   | |  1.0
Hexes          | |  3.0

Action                   |  1- 3 |  4- 6 || total
-------------------------+-------+-------++-------
Melee: Dagger            |     1 |       ||     1
       Short sword       |    18 |   208 ||   226
 Fire: Shortbow          |    49 |       ||    49
Throw: Dart              |     4 |       ||     4
  Use: Potion            |     2 |     2 ||     4
Armor: Leather armour    |     2 |       ||     2
       Scale mail        |       |    39 ||    39
       Ring mail         |       |    36 ||    36
Dodge: Dodged            |    32 |   104 ||   136
